 Dungeon Crawl Stone Soup version 0.20.1-1-g8b1a95d (webtiles) character file.

134305 HammerPanzer the Minotaur Blade (level 16, -2/159 HPs)
             Began as a Minotaur Berserker on Oct 30, 2017.
             Was the Champion of Trog.
             Slain by a glaive of venom (13 damage)
             ... on level 2 of the Elven Halls.
             The game lasted 01:45:16 (22869 turns).

HammerPanzer the Minotaur Blade (MiBe)             Turns: 22869, Time: 01:45:17

Health: -2/159     AC: 19    Str: 32    XL:     16   Next: 61%
Magic:  16/16      EV: 19    Int: 12    God:    Trog [******]
Gold:   3773       SH:  0    Dex: 10    Spells: 15/15 levels left

rFire    + . .     SeeInvis +   O - +6 great sword (vamp)
rCold    + . .     Gourm    .   (shield currently unavailable)
rNeg     + . .     Faith    .   u - +4 chain mail {rN+}
rPois    .         Spirit   .   (helmet restricted)
rElec    .         Reflect  .   y - +0 cloak
rCorr    .         Harm     .   I - +0 pair of gloves "Hyastrod" {rC+ Int+2}
MR       ++...     Clarity  +   (no boots)
Stlth    ..........             m - amulet "Koywkyin" {RegenMP *Drain Str+5 Int+4 SInv}
Regen    0.4/turn               z - +2 ring of evasion
MPRegen  0.3/turn               d - ring of Phasing {EV+8}

@: about to teleport, drained
A: retaliatory headbutt, horns 2, molten scales 1, clarity, fire resistance 1,
high mp 1, magic resistance 1, evolution 1, no potion heal 1
a: Berserk, Trog's Hand, Brothers in Arms, Burn Spellbooks, Renounce Religion


You were on level 2 of the Elven Halls.
You worshipped Trog.
Trog was exalted by your worship.
You were not hungry.

You visited 3 branches of the dungeon, and saw 20 of its levels.
You also visited: Volcano.

You collected 5062 gold pieces.
You spent 1289 gold pieces at shops.

Inventory:

Hand Weapons
 D - a +6 antimagic falchion
 G - a +0 triple sword of venom
 M - a +4 antimagic double sword
 O - a +6 vampiric great sword (weapon)
 W - a +6 double sword of holy wrath
Missiles
 B - 3 exploding tomahawks (quivered)
 L - 3 silver javelins
Armour
 u - a +4 chain mail of positive energy (worn)
 y - a +0 cloak (worn)
 I - the +0 pair of gloves "Hyastrod" (worn) {rC+ Int+2}
   (You acquired it in a volcano)

   It affects your intelligence (+2).
   It protects you from cold.
 T - +0 fire dragon scales
Jewellery
 d - the ring of Phasing (right hand) {EV+8}
   (You found it on level 5 of the Dungeon)

   [ring of evasion]

   It affects your evasion (+8).
 m - the amulet "Koywkyin" (around neck) {RegenMP *Drain Str+5 Int+4 SInv}
   (You found it on level 11 of the Dungeon)

   [amulet of magic regeneration]

   It increases your magic regeneration.
   It affects your strength (+5).
   It affects your intelligence (+4).
   It lets you see invisible.
   It causes draining when unequipped.
 z - a +2 ring of evasion (left hand)
 H - an uncursed ring of positive energy {unknown}
Wands
 l - a wand of lightning (4/15)
 o - a wand of scattershot (4/9)
 A - a wand of disintegration (13/24)
 F - a wand of acid (8/15)
 J - a wand of confusion (17/48)
 R - a wand of iceblast (9/15)
 S - a wand of polymorph (20/24)
 U - a wand of acid (10/15)
 X - a wand of flame (33/48)
Scrolls
 b - 14 scrolls of remove curse
 g - a scroll of teleportation
 r - a scroll of fog
 t - 3 scrolls of fear
 v - 3 scrolls of recharging
 Q - 2 scrolls of silence
 Y - a scroll of magic mapping
Potions
 a - a potion of mutation
 e - 9 potions of might
 h - 10 potions of curing
 i - 5 potions of lignification
 j - 4 potions of flight
 k - 4 potions of ambrosia
 n - a potion of agility
 q - 4 potions of invisibility
 s - 2 potions of cancellation
 w - 3 potions of resistance
 x - 4 potions of brilliance
 K - a potion of haste
Miscellaneous
 N - a phial of floods
Comestibles
 c - 6 bread rations
 f - 7 chunks of flesh
 p - 14 royal jellies
 E - 13 fruits
 P - 4 meat rations


   Skills:
 + Level 18.7(17.8) Fighting
   Level 10.1(16.4) Short Blades
 * Level 23.3(23.0) Long Blades
 - Level 7.8(7.1) Armour
 - Level 2.1(1.6) Dodging


You had 15 spell levels left.
You didn't know any spells.

Dungeon Overview and Level Annotations

Branches:
Dungeon (15/15)            Temple (0/1) D:4             Orc (2/2) D:10
    Elf (3/3) Orc:2        Vaults (0/5) D:14         Depths (0/5) D:15
   Lair: D:8-11

Altars:
Ashenzari
Cheibriados
Dithmenos
Fedhas
Gozag
Hepliaklqana
Kikubaaqudgha
Nemelex Xobeh
Okawaru
Qazlal
Sif Muna
Trog
Uskayaw
Yredelemnul
Zin
The Shining One

Shops:
D:4 (   D:7 *:%[   D:8 !   D:11 *   D:13 %   Orc:1 !   Orc:2 :*[(   Elf:1 *

Annotations:
D:14 exclusion: ice statue


Innate Abilities, Weirdness & Mutations

You reflexively headbutt those who attack you in melee.
You have a pair of horns on your head.
You are partially covered in molten scales. (AC +2)
You possess an exceptional clarity of mind.
Your flesh is heat resistant. (rF+)
You have an increased reservoir of magic. (+10% MP)
You are resistant to hostile enchantments. (MR+)
You evolve.
Potions are less effective at restoring your health.


Message History

You feel very sick.
* * * LOW HITPOINT WARNING * * *
You feel very sick.
The glaive of venom completely misses you.
Items here: % ) [ รท a long sword; a buckler; 2 chunks of flesh; an elf skeleton Your system partially rejects the healing.
You feel better.
The glaive of venom hits you from afar!!
* * * LOW HITPOINT WARNING * * *
You are lethally poisoned!
As you read the scroll of teleportation, it crumbles to dust.
You feel strangely unstable.
* * * LOW HITPOINT WARNING * * *
You feel very sick. The glaive of venom hits you from afar.
* * * LOW HITPOINT WARNING * * *
Your system partially rejects the healing.
You feel better. The glaive of venom hits you from afar!
You die...

.###..([.## #...###........ .#
##...## #...#......... .#
##.#### ##............. .#
##(..# ##......))...... .#
####...#### #............... ##
#.........# #.......).......
#...(.....# #))..)).........
####.........####')...).........
))......#......)@)#....)........
#......###.....))##.............
##......#..)...)('#.............
###.........####'..............
#.........# #..............
#.........# #..............
####...#### #..............
#...# #...... # ##### #.....


You could see a glaive of venom.

Vanquished Creatures
  Rupert (D:12)
  A deep elf sorcerer (Elf:1)
  An orc warlord (Orc:2)
  A deep elf demonologist (Elf:1)
  A deep elf death mage (Elf:2)
  A fire dragon (Volcano)
  A rakshasa (D:15)
  Josephine (Orc:2)
  4 vault guards (D:14)
  Fannar (D:10)
  3 hydras
  Erica (D:8)
  3 centaur warriors
  A death knight (D:12)
  9 two-headed ogres
  20 dancing weapons
  3 orc high priests (Orc:2)
  A tengu warrior (D:14)
  9 deep elf knights
  3 skeletal warriors (D:15)
  A glowing orange brain (D:15)
  2 wizards (Elf:1)
  A phantasmal warrior (D:14)
  7 deep elf archers
  Pikel (D:9)
  6 orc knights (Orc:2)
  7 ugly things
  3 manticores
  5 orc sorcerers (Orc:2)
  51 deep elf magi
  7 slime creatures
  A cyclops (D:13)
  A torpor snail (shapeshifter) (D:15)
  The ghost of Jazqa the Spear-Bearer, a novice MfGl of Makhleb (D:6)
  2 gargoyles (D:14)
  An efreet (D:14)
  A kobold demonologist (D:15)
  9 trolls
  A troll (shapeshifter) (Elf:1)
  A blink frog (shapeshifter) (D:15)
  3 hornets
  7 hippogriffs
  A meliai zombie (D:14)
  2 air elementals
  A spriggan (shapeshifter) (D:15)
  6 wraiths
  A vampire (D:13)
  A yak (D:9)
  A yak (shapeshifter) (D:15)
  A water elemental (D:12)
  A basilisk (D:14)
  A steam dragon (Volcano)
  2 fire elementals
  2 hungry ghosts
  A soldier ant (D:8)
  An acid dragon (D:12)
  Duvessa (D:4)
  A hell hound (Volcano)
  A meliai simulacrum (D:14)
  4 ice beasts
  An eye of draining (D:11)
  45 orc warriors
  An ice beast (shapeshifter) (D:14)
  4 sky beasts
  A black bear (D:13)
  2 necrophages
  12 ogres
  A boggart (Elf:1)
  3 phantoms
  17 centaurs
  A crocodile (D:11)
  4 big kobolds
  11 bullfrogs
  2 gnoll sergeants
  5 earth elementals
  Dowan (D:4)
  A water moccasin skeleton (D:6)
  7 scorpions
  12 wights
  4 killer bees (D:8)
  6 howler monkeys
  3 electric eels (D:12)
  15 crimson imps
  5 centaur zombies
  A bullfrog zombie (D:6)
  4 jellies
  25 orc priests
  Crazy Yiuf (D:4)
  6 hounds
  3 centaur skeletons
  Ijyb (D:3)
  7 iguanas
  11 worker ants
  Natasha (thrice) (D:4)
  37 orc wizards
  2 hound skeletons
  Robin (D:4)
  14 gnolls
  8 adders
  6 shadow imps
  An adder skeleton (D:5)
  An adder zombie (D:6)
  2 worms
  8 dart slugs
  8 leopard geckos
  111 orcs
  7 giant cockroaches
  14 goblins
  12 hobgoblins
  13 jackals
  22 kobolds
  6 quokkas
  9 bats
  4 frilled lizards
  A giant cockroach zombie (D:5)
  A jackal skeleton (D:6)
  A leopard gecko skeleton (D:6)
  2 quokka skeletons
  8 rats
739 creatures vanquished.

Vanquished Creatures (others)
  2 slaves (D:9)
  A phantom (D:9)
  2 shadow imps (D:9)
  A leopard gecko (D:9)
  A fungus (D:10)
7 creatures vanquished.

Grand Total: 746 creatures vanquished

Notes
Turn   | Place    | Note
-------+----------+-------------------------------------------
     0 | D:1      | HammerPanzer the Minotaur Berserker began the quest for the Orb.
     0 | D:1      | Reached XP level 1. HP: 19/19 MP: 0/0
   206 | D:2      | Reached skill level 4 in Long Blades
   239 | D:2      | Reached XP level 2. HP: 27/27 MP: 1/1
   771 | D:1      | Reached XP level 3. HP: 29/33 MP: 2/2
  1302 | D:2      | Reached ** piety under Trog
  1384 | D:2      | Found a shadowy altar of Dithmenos.
  1466 | D:2      | Found a hazy altar of Hepliaklqana.
  1478 | D:2      | Reached skill level 5 in Long Blades
  1615 | D:2      | Reached XP level 4. HP: 34/41 MP: 3/3
  2045 | D:2      | You fall through a shaft!
  2373 | D:2      | Reached skill level 5 in Fighting
  2520 | D:3      | Noticed Ijyb
  2534 | D:3      | Killed Ijyb
  2534 | D:3      | Reached XP level 5. HP: 44/48 MP: 4/4
  2699 | D:3      | Found a stormy altar of Qazlal.
  2833 | D:4      | Reached skill level 6 in Long Blades
  3014 | D:3      | Reached *** piety under Trog
  3178 | D:3      | Found a snail-covered altar of Cheibriados.
  3184 | D:3      | Found a glowing silver altar of Zin.
  3187 | D:3      | Found a hide-covered altar of Uskayaw.
  3708 | D:4      | Found Miekleul's Antique Weapon Shop.
  3751 | D:4      | Noticed Robin
  3755 | D:4      | Killed Robin
  3761 | D:4      | Reached XP level 6. HP: 57/57 MP: 5/5
  3872 | D:4      | Reached skill level 7 in Long Blades
  3883 | D:5      | Entered Level 5 of the Dungeon
  4006 | D:4      | Found an ancient bone altar of Kikubaaqudgha.
  4184 | D:4      | Found a staircase to the Ecumenical Temple.
  4280 | D:4      | Found an opulent altar of Gozag.
  4486 | D:4      | Noticed Natasha
  4486 | D:4      | Noticed Duvessa
  4486 | D:4      | Noticed Dowan
  4512 | D:4      | Killed Natasha
  4516 | D:4      | Killed Duvessa
  4516 | D:4      | Reached skill level 8 in Long Blades
  4516 | D:4      | Reached XP level 7. HP: 64/64 MP: 6/6
  4527 | D:4      | Killed Dowan
  4799 | D:4      | Noticed Natasha
  4802 | D:4      | Killed Natasha
  4814 | D:4      | Reached skill level 1 in Short Blades
  4857 | D:4      | Noticed Natasha
  5017 | D:4      | Killed Natasha
  5063 | D:4      | Found a runed door.
  5067 | D:4      | Noticed Crazy Yiuf
  5070 | D:4      | Killed Crazy Yiuf
  5070 | D:4      | Reached skill level 9 in Long Blades
  5397 | D:5      | Reached XP level 8. HP: 73/73 MP: 7/7
  5616 | D:5      | Reached **** piety under Trog
  5667 | D:5      | Found an iron altar of Okawaru.
  5787 | D:5      | Reached skill level 10 in Long Blades
  6422 | D:5      | You fall through a shaft!
  6587 | D:5      | Reached skill level 11 in Long Blades
  6620 | D:5      | Reached XP level 9. HP: 82/82 MP: 8/8
  6644 | D:5      | Identified a scroll of acquirement
  6759 | D:4      | Bought a glowing short sword for 156 gold pieces
  6841 | D:4      | You fall through a shaft for 2 floors!
  6905 | D:6      | Found a basalt altar of Yredelemnul.
  6905 | D:6      | Noticed Jazqa's ghost (novice MfGl)
  6937 | D:7      | Reached ***** piety under Trog
  6978 | D:7      | Found Bylockin's General Store.
  6985 | D:7      | Bought a scroll of enchant weapon for 97 gold pieces
  6985 | D:7      | Bought a scroll of fear for 45 gold pieces
  6985 | D:7      | Bought a scroll of enchant weapon for 97 gold pieces
  7020 | D:7      | Reached skill level 5 in Short Blades
  7026 | D:7      | Found Gaunleys's Food Emporium.
  7073 | D:7      | Found Bireics's Armour Shop.
  7089 | D:7      | Found Hiatow's Book Shop.
  7492 | D:6      | Killed Jazqa's ghost
  7585 | D:6      | Reached skill level 10 in Fighting
  7618 | D:6      | Found a sparkling altar of Nemelex Xobeh.
  8717 | D:8      | Reached XP level 10. HP: 93/93 MP: 9/9
  9034 | D:8      | Found Lecliopo's Distillery.
  9054 | D:8      | Noticed Erica
  9080 | D:8      | Killed Erica
  9140 | D:8      | Bought a potion of degeneration for 15 gold pieces
  9240 | D:8      | Found a deep blue altar of Sif Muna.
  9336 | D:9      | Noticed a two-headed ogre
  9340 | D:9      | Killed a two-headed ogre
  9340 | D:9      | Reached skill level 12 in Long Blades
  9550 | D:8      | Noticed a two-headed ogre
  9558 | D:8      | Killed a two-headed ogre
  9795 | D:9      | Found a blossoming altar of Fedhas.
  9806 | D:9      | Noticed Pikel
  9814 | D:9      | Killed Pikel
  9814 | D:9      | Reached skill level 13 in Long Blades
  9825 | D:9      | Reached XP level 11. HP: 104/104 MP: 10/10
  9834 | D:9      | Received a gift from Trog
 10005 | D:10     | Entered Level 10 of the Dungeon
 10356 | D:9      | Gained mutation: You are dopey. (Int -2) [mutagenic meat]
 10357 | D:9      | Gained mutation: Your flesh is heat resistant. (rF+) [mutagenic meat]
 10358 | D:9      | Gained mutation: You are resistant to hostile enchantments. (MR+) [mutagenic meat]
 10360 | D:9      | Gained mutation: You are frail. (-10% HP) [mutagenic meat]
 10400 | D:9      | Noticed a two-headed ogre
 10400 | D:9      | Noticed a two-headed ogre
 10406 | D:9      | Killed a two-headed ogre
 10411 | D:9      | Killed a two-headed ogre
 10411 | D:9      | Reached skill level 14 in Long Blades
 10894 | D:10     | Noticed a two-headed ogre
 10903 | D:10     | Killed a two-headed ogre
 10930 | D:10     | Noticed Fannar
 10944 | D:10     | Killed Fannar
 11016 | D:10     | Reached skill level 15 in Long Blades
 11408 | D:10     | Found a staircase to the Orcish Mines.
 11473 | D:11     | Found Emuaveit's General Store.
 11500 | D:11     | Noticed a red ugly thing
 11508 | D:11     | Killed a red ugly thing
 11578 | D:11     | Noticed a five-headed hydra
 11584 | D:11     | Killed an eight-headed hydra
 11618 | D:11     | Received a gift from Trog
 11636 | D:11     | Gained mutation: Potions are less effective at restoring your health. [mutagenic meat]
 11637 | D:11     | Gained mutation: You are partially covered in molten scales. (AC +2) [mutagenic meat]
 11638 | D:11     | Gained mutation: You evolve. [mutagenic meat]
 11681 | D:11     | Gained mutation: You possess an exceptional clarity of mind. [evolution]
 12051 | D:11     | Noticed a white ugly thing
 12058 | D:11     | Killed a white ugly thing
 12058 | D:11     | Reached XP level 12. HP: 75/103 MP: 11/11
 12089 | D:11     | Got a shimmering diamond amulet
 12090 | D:11     | Identified the amulet "Koywkyin" {RegenMP *Drain Str+5 Int+4 SInv} (You found it on level 11 of the Dungeon)
 12579 | D:12     | Noticed a death knight
 12670 | D:12     | Noticed Rupert
 12687 | D:12     | Killed Rupert
 12687 | D:12     | Reached skill level 16 in Long Blades
 12954 | D:12     | Found a hazy altar of Hepliaklqana.
 13037 | D:12     | Killed a death knight
 13605 | D:12     | Noticed a five-headed hydra
 13612 | D:12     | Killed a nine-headed hydra
 13804 | D:13     | Found Eqoats's Food Boutique.
 13806 | D:13     | Noticed a five-headed hydra
 13820 | D:13     | Killed a six-headed hydra
 13820 | D:13     | Reached skill level 17 in Long Blades
 14055 | D:13     | Noticed a two-headed ogre
 14063 | D:13     | Killed a two-headed ogre
 14063 | D:13     | Reached skill level 10 in Short Blades
 14155 | D:13     | Received a gift from Trog
 14207 | D:13     | Found a glowing golden altar of the Shining One.
 14477 | D:14     | Gained mutation: You have an increased reservoir of magic. (+10% MP) [evolution]
 14501 | D:15     | Entered Level 15 of the Dungeon
 14719 | D:14     | Noticed a vault guard
 14719 | D:14     | Noticed a vault guard
 14720 | D:14     | Found a gate to the Vaults.
 14720 | D:14     | Noticed a tengu warrior
 14720 | D:14     | Noticed a vault guard
 14721 | D:14     | Noticed a vault guard
 14881 | D:14     | Killed a vault guard
 14881 | D:14     | Reached XP level 13. HP: 54/112 MP: 13/13
 15007 | D:14     | Reached skill level 15 in Fighting
 15053 | D:14     | Reached skill level 18 in Long Blades
 16532 | D:15     | Received a gift from Trog
 16675 | D:15     | Lost mutation: You are frail. (-10% HP) [evolution]
 16866 | D:15     | Reached skill level 19 in Long Blades
 17057 | D:15     | Found a shattered altar of Ashenzari.
 17311 | D:15     | Reached ****** piety under Trog
 17703 | D:15     | Found a staircase to the Depths.
 17961 | Orc:1    | Entered Level 1 of the Orcish Mines
 17988 | Orc:1    | Reached XP level 14. HP: 137/137 MP: 14/14
 18260 | Orc:1    | Found a bloodstained altar of Trog.
 18263 | Orc:1    | Found Soblivet's Distillery.
 18359 | Orc:1    | Bought a potion of might for 72 gold pieces
 18359 | Orc:1    | Bought a potion of curing for 54 gold pieces
 18359 | Orc:1    | Bought a potion of curing for 54 gold pieces
 18359 | Orc:1    | Bought 2 potions of might for 144 gold pieces
 18498 | Orc:2    | Entered Level 2 of the Orcish Mines
 18553 | Orc:2    | Found a dark tunnel.
 18559 | Volcano  | Entered a volcano
 18621 | Volcano  | Got a pair of scorched gloves
 18632 | Volcano  | Identified the +0 pair of gloves "Hyastrod" {rC+ Int+2} (You acquired it in a volcano)
 18642 | Volcano  | Reached XP level 15. HP: 145/145 MP: 15/15
 18650 | Orc:2    | Reached skill level 20 in Long Blades
 18829 | Orc:2    | Received a gift from Trog
 18949 | Orc:2    | Found an iron altar of Okawaru.
 18949 | Orc:2    | Found a staircase to the Elven Halls.
 19100 | Orc:2    | Noticed Josephine
 19107 | Orc:2    | Killed Josephine
 19305 | Orc:2    | Noticed an orc warlord
 19324 | Orc:2    | Killed an orc warlord
 19805 | Orc:2    | Received a gift from Trog
 19881 | Orc:2    | Reached skill level 21 in Long Blades
 19956 | Orc:2    | Found Voato's General Store.
 19972 | Orc:2    | Found Neunefo's Book Shoppe.
 19973 | Orc:2    | Found Bien Guo's Antique Armour Emporium.
 19973 | Orc:2    | Found Jukitel's Antique Weapon Emporium.
 19981 | Orc:2    | Bought a scroll of silence for 120 gold pieces
 19993 | Orc:2    | Bought a runed chain mail for 150 gold pieces
 19993 | Orc:2    | Bought a glowing chain mail for 150 gold pieces
 20223 | Elf:1    | Entered Level 1 of the Elven Halls
 20559 | Elf:1    | Found Xuety's General Store.
 20568 | Elf:1    | Received a gift from Trog
 20572 | Elf:1    | Bought a scroll of enchant armour for 135 gold pieces
 20956 | Elf:1    | Lost mutation: You are dopey. (Int -2) [evolution]
 21291 | Elf:1    | Paralysed by a wizard for 6 turns
 21305 | Elf:1    | Reached skill level 22 in Long Blades
 21319 | Elf:1    | Reached XP level 16. HP: 157/157 MP: 16/16
 21333 | Elf:1    | Received a gift from Trog
 21825 | Elf:2    | Received a gift from Trog
 21953 | Elf:2    | Found a runed gate.
 21953 | Elf:2    | Found a runed gate.
 21953 | Elf:2    | Found a runed gate.
 21972 | Elf:3    | Entered Level 3 of the Elven Halls
 22791 | Elf:2    | Reached skill level 23 in Long Blades
 22868 | Elf:2    | HP: 6/159 [poisoned by a glaive of venom]
 22869 | Elf:2    | Slain by a glaive of venom

Skill      XL: |  1  2  3  4  5  6  7  8  9 10 11 12 13 14 15 16 |
---------------+-------------------------------------------------+-----
Long Blades    | 4 5 6 8 9 11 13 15 17 19 22 23 | 23.3
Fighting       | 4 5 6 7 8 10 12 13 14 16 17 18 | 18.7
Short Blades   | 2 4 7 8 10 | 10.1
Armour         | 7 |  7.8
Dodging        | |  2.1

Action                   |  1- 3 |  4- 6 |  7- 9 | 10-12 | 13-15 | 16-18 || total
-------------------------+-------+-------+-------+-------+-------+-------++-------
Melee: Falchion          |    68 |   135 |     5 |       |       |       ||   208
       Headbutt          |    13 |    25 |    78 |   102 |   174 |    33 ||   425
       Rapier            |       |       |   165 |       |       |       ||   165
       Short sword       |       |       |   185 |    29 |       |       ||   214
       Scimitar          |       |       |       |   198 |       |       ||   198
       Great sword       |       |       |       |   237 |   683 |   168 ||  1088
       Double sword      |       |       |       |       |     1 |       ||     1
Throw: Tomahawk          |       |     2 |     1 |       |     2 |       ||     5
       Javelin           |       |       |       |    15 |    12 |       ||    27
Invok: Berserk           |     4 |     5 |     8 |    18 |    18 |     2 ||    55
       Burn Spellbooks   |       |       |     1 |     2 |     3 |     1 ||     7
  Use: Scroll            |       |    15 |     9 |     6 |    15 |     2 ||    47
       Potion            |       |       |       |     1 |     4 |     5 ||    10
 Stab: Sleeping          |     1 |       |       |       |       |       ||     1
       Distracted        |       |       |     1 |       |       |       ||     1
  Eat: Chunk             |     6 |    12 |    19 |    42 |    17 |     6 ||   102
       Fruit             |       |       |     1 |     2 |       |       ||     3
       Royal jelly       |       |       |     1 |       |     1 |       ||     2
       Bread ration      |       |       |       |     1 |     6 |     1 ||     8
       Meat ration       |       |       |       |     1 |       |       ||     1
Armor: Animal skin       |     2 |       |       |       |       |       ||     2
       Leather armour    |    11 |    10 |       |       |       |       ||    21
       Scale mail        |       |    13 |       |       |       |       ||    13
       Ring mail         |       |     2 |       |       |       |       ||     2
       Chain mail        |       |     4 |    45 |       |    37 |    34 ||   120
       Plate armour      |       |       |    45 |   115 |   145 |       ||   305
Dodge: Dodged            |    50 |    63 |   181 |   343 |   472 |    92 ||  1201
       Rpst.: Falchion   |     8 |    14 |       |       |       |       ||    22
       Scimitar          |       |       |       |    24 |       |       ||    24
       Great sword       |       |       |       |    36 |   123 |    29 ||   188
